 Dungeon Crawl Stone Soup version 0.26-a0-712-ga5a9c9c9d0 (webtiles) character file.

Game seed: 13378991238327447900

47 kae the Insei (level 3, -4/23 HPs)
             Began as an Octopode Transmuter on Nov 10, 2020.
             Slain by a bullfrog (6 damage)
             ... on level 2 of the Dungeon.
             The game lasted 00:01:47 (1378 turns).

kae the Insei (Octopode Transmuter)                 Turns: 1378, Time: 00:01:47

Health: -4/23      AC:  1    Str: 10    XL:     3   Next: 70%
Magic:  5/6        EV: 13    Int: 15    God:
Gold:   66         SH:  0    Dex: 12    Spells: 2/6 levels left

rFire    . . .     SeeInvis .     - Unarmed
rCold    . . .     Faith    .   (no shield)
rNeg     . . .     Spirit   .   (helmet restricted)
rPois    .         Reflect  .   (no amulet)
rElec    .         Harm     .   (no ring)
rCorr    .         Rampage  .   (no ring)
MR       .....                  (no ring)
Stlth    +++.......             (no ring)
HPRegen  0.07/turn              (no ring)
MPRegen  0.10/turn              (no ring)
                                (no ring)
                                (no ring)

@: no status effects
A: almost no armour, stealthy swim, amphibious, 8 rings, constrict 8, camouflage
1, gelatinous body 1
a: no special abilities


You were on level 2 of the Dungeon.
You visited 1 branch of the dungeon, and saw 2 of its levels.

You collected 66 gold pieces.

Inventory:

Scrolls
 b - a scroll of remove curse
Potions
 d - a potion of curing {unknown}


   Skills:
 + Level 1.5 Fighting
 + Level 2.2 Dodging
 + Level 1.3 Stealth
 * Level 3.3 Unarmed Combat
 * Level 2.4 Spellcasting
 * Level 2.5 Transmutations


You had 2 spell levels left.
You knew the following spells:

 Your Spells              Type           Power        Failure   Level
a - Beastly Appendage     Tmut           #.....       8%          1
b - Spider Form           Tmut/Pois      #.........   36%         3

Your spell library contained the following spells:

 Spells                   Type           Power        Failure   Level
 Wereblood                Tmut           #.......     12%         2
 Ice Form                 Ice/Tmut       #.......     77%         4
 Blade Hands              Tmut           #.........   91%         5


Dungeon Overview and Level Annotations

Branches:
Dungeon (2/15)

Altars:


Innate Abilities, Weirdness & Mutations

You cannot wear most types of armour.
You are very stealthy in the water. (Stealth+)
You are amphibious.
You can wear up to eight rings at the same time.
You can use your tentacles to constrict eight enemies at once.
Your skin changes colour to match your surroundings (Stealth+).
Your rubbery body absorbs attacks. (AC +1, EV +1)


Message History

Confirm with . or Enter, or press ? or * to list all spells.
One of your tentacles grows a vicious spike.
You tentacle-slap the bullfrog but do no damage.
Your grab misses the bullfrog. Your squeeze misses the bullfrog.
The bullfrog hits you but does no damage.
You tentacle-slap the bullfrog. Your grab misses the bullfrog.
The bullfrog is moderately wounded.
The bullfrog hits you. x2
* * * LOW HITPOINT WARNING * * *
You tentacle-slap the bullfrog but do no damage.
You grab the bullfrog.
The bullfrog is lightly wounded.
You constrict the bullfrog. The bullfrog hits you.
* * * LOW HITPOINT WARNING * * *
It was a potion of cancellation.
Your magical effects are unravelling.
You feel magically purged.
Your tentacle spike disappears.
You constrict the bullfrog. The bullfrog hits you.
You die...

#.# #.# #.#.#
#.#.# #.#.#
#.#.# #.#.#
#F#.#
#@#.##########
#............#
#†#.######.###
..##.# #.# ##.
#.# #.# #. #.#
#.# .. #.# #.#
## #.# #.# #.#
#.#


You could see a bullfrog.

Vanquished Creatures
  A gnoll (D:1)
  An adder (D:2)
  A worm (D:2)
  A dart slug (D:1)
  A leopard gecko (D:1)
  2 giant cockroaches
  A hobgoblin (D:1)
  4 kobolds (D:1)
  5 bats
  2 frilled lizards (D:1)
  2 goblins (D:1)
  4 rats (D:1)
25 creatures vanquished.

Notes
Turn   | Place    | Note
-------+----------+-------------------------------------------
     0 | D:1      | kae the Octopode Transmuter began the quest for the Orb.
     0 | D:1      | Reached XP level 1. HP: 13/13 MP: 3/3
   249 | D:1      | Reached XP level 2. HP: 18/18 MP: 3/5
   610 | D:1      | Reached XP level 3. HP: 20/23 MP: 4/6
   618 | D:1      | Learned a level 3 spell: Spider Form
   812 | D:1      | Reached skill level 1 in Stealth
  1369 | D:2      | Noticed a bullfrog
  1377 | D:2      | HP: 1/23 [bullfrog (5)]
  1378 | D:2      | Slain by a bullfrog

Illustrated notes

Levels and vault maps discovered:
D:1:      dpeg_arrival_rhombi, layout_loops_corners
D:2:      layout_basic, chequers_serial_rivers_micro_d, minmay_pentomino_v4

Skill      XL: |  1  2  3 |
---------------+----------+-----
Stealth        | 1 |  1.3
Fighting       | |  1.5
Dodging        | |  2.2
Unarmed Combat | |  3.3
Spellcasting   | |  2.4
Transmutations | |  2.5

Action                   || total
-------------------------++-------
Melee: Unarmed           ||    54
       Constrict         ||    15
       Tentacles         ||     7
       Kick              ||    11
 Cast: Beastly Appendage ||    21
  Use: Scroll            ||     2
       Potion            ||     1
 Stab: Sleeping          ||     3
Armor: Skin              ||     7
Dodge: Dodged            ||    38

Table legend: (Time is in decaauts)
 A = Elapsed time spent in this place.
 B = Non-inter-level travel time spent in this place.
 C = Inter-level travel time spent in this place.
 D = Time resting spent in this place.
 E = Time spent auto-exploring this place.
 F = Levels seen in this place.
 G = Mean time per level.
                   A        B        C        D        E       F      G
               +--------+--------+--------+--------+--------+-----+--------+
         Total |   1374 |   1349 |     25 |      3 |   1155 |   2 |  687.0 |
       Dungeon |   1374 |   1349 |     25 |      3 |   1155 |   2 |  687.0 |
               +--------+--------+--------+--------+--------+-----+--------+

Top non-repeatable levels by time:
     D:1: 1225 daAuts
     D:2: 149 daAuts
